 Dungeon Crawl Stone Soup version 0.29.0-11-gd7f09526c8 (webtiles) character file.

Game seed: 15223366259699157006

175 trckry the Cudgeller (level 5, -5/32 HPs)
             Began as a Gargoyle Gladiator on Sept 7, 2022.
             Was a Follower of Okawaru.
             Killed by divine providence
             ... invoked by an orc priest
              (10 damage)
             ... on level 3 of the Dungeon.
             The game lasted 00:04:49 (2980 turns).

trckry the Cudgeller (Gargoyle Gladiator)           Turns: 2980, Time: 00:04:50

Health: -5/32      AC: 12    Str: 20    XL:     5   Next: 55%
Magic:  5/5        EV: 12    Int:  8    God:    Okawaru [*.....]
Gold:   110        SH:  0    Dex: 11    Spells: 4/4 levels left

rFire   . . .      SeeInvis .   a - +0 flail
rCold   . . .      Faith    .   (no shield)
rNeg    + . .      Spirit   .   b - +0 leather armour
rPois   ∞          Reflect  .   c - +0 helmet
rElec   +          Harm     .   (no cloak)
rCorr   .          Rampage  .   (no gloves)
Will    .....                   (no boots)
Stlth   +.........              (no amulet)
HPRegen 0.10/turn               s - +4 ring of protection
MPRegen 0.09/turn               (no ring)

@: no status effects
A: sickness immunity, AC +4, negative energy resistance 1, electricity
resistance, torment resistance 1, petrification resistance
a: Renounce Religion, Heroism


You were on level 3 of the Dungeon.
You worshipped Okawaru.
Okawaru was aware of your devotion.
You visited 1 branch of the dungeon, and saw 3 of its levels.

You collected 110 gold pieces.

Inventory:

Hand Weapons
 a - a +0 flail (weapon)
 y - a +2 falchion of electrocution
Missiles
 d - 3 throwing nets
 e - a javelin
 o - a curare-tipped dart (quivered)
Armour
 b - a +0 leather armour (worn)
 c - a +0 helmet (worn)
Jewellery
 s - a +4 ring of protection (left hand)
Scrolls
 g - 4 scrolls of teleportation {unknown}
 h - 2 scrolls of amnesia {unknown}
 i - 2 scrolls of magic mapping {unknown}
 l - 3 scrolls of identify {unknown}
 n - 3 scrolls of fear {unknown}
 r - a scroll of silence {unknown}
 t - a scroll of poison {unknown}
 v - a scroll of enchant weapon {unknown}
Potions
 f - 4 potions of mutation {unknown}
 j - 2 potions of lignification {unknown}
 k - 5 potions of degeneration {unknown}
 m - a potion of might {unknown}
 p - 2 potions of attraction {unknown}
 q - 2 potions of curing {unknown}
 u - a potion of ambrosia {unknown}
 w - a potion of haste {unknown}


   Skills:
 + Level 3.3 Fighting
 * Level 4.4 Maces & Flails
 - Level 1.7 Throwing
 + Level 2.2 Armour
 + Level 3.0 Dodging


You had 4 spell levels left.
You didn't know any spells.
Your spell library was empty.

Dungeon Overview and Level Annotations

Branches:
Dungeon (3/15) Zot: 14976

Altars:
Okawaru


Innate Abilities, Weirdness & Mutations

You are immune to sickness and miasma.
Your stone body is resilient. (AC +4)
You are immune to poison.
You resist negative energy. (rN+)
You are resistant to electric shocks. (rElec)
You are resistant to unholy torment.
You are immune to petrification.


Message History

Throw: 4 darts (curare)
Press: ? - help, Q - select action, (/) - cycle Shift-Dir - straight line, f - orc priest
Aim: an orc priest, wielding a +0 club and wearing a +0 leather armour (wandering, hasn't noticed you, 56% to hit)
You throw a curare-tipped dart.
The curare-tipped dart hits the orc priest.
The orc priest is poisoned.
The orc priest convulses.
The orc priest seems to slow down.
The orc priest shouts!
The orc priest is heavily wounded.
Health restored: 32 The orc priest shouts!
The orc priest calls down the wrath of Beogh upon you.
Beogh smites you!
The orc priest casts a cantrip, but nothing happens.
You take 14 damage, and have 18/32 hp.
MASSIVE DAMAGE!!
You closely miss the orc priest.
The orc priest is almost dead.
You kill the orc priest!
Okawaru accepts your kill.
The orc priest invokes the aid of Beogh against you.
Beogh smites you!
* * * LOW HITPOINT WARNING * * *
You take 13 damage, and have 5/32 hp.
MASSIVE DAMAGE!!
Throw: 3 darts (curare)
Press: ? - help, Q - select action, (/) - cycle Shift-Dir - straight line, f - orc priest
Aim: an orc priest, wielding a +0 hand axe (56% to hit)
You throw a curare-tipped dart.
The curare-tipped dart barely misses the orc priest.
The curare-tipped dart hits the orc priest.
The orc priest is poisoned.
The orc priest convulses.
The orc priest seems to slow down.
The orc priest is heavily wounded.
Throw: 2 darts (curare)
Press: ? - help, Q - select action, (/) - cycle Shift-Dir - straight line, f/p - orc priest
Aim: an orc priest, wielding a +0 hand axe (56% to hit)
You throw a curare-tipped dart.
The curare-tipped dart completely misses the orc priest.
The orc priest invokes the aid of Beogh against you.
Beogh smites you!
You die...

########.................#.#.#
.....#......###..........#.#o####
.....#.#....# #..........#.#....#
.....#.#....# #..........#.#oo..#
.....#.##...# #..........#.#....#
.....#......###..........#.#†...#
.....#####........#+######'#....'
.....+.......#...).(............#
.....####....#..@.o#####........#
.............#.......o<.........#
#####.#.#....#.............#....#
#####.#.#..............(...######
....#....)....#####.###....# ####
....#.........# #.###....# #...
....#.###.#...#####.#.+....###.##
..................#.#.#..........
...######.##.####.#.#.#.#'#.##.#.


You could see 2 orc priests.

Vanquished Creatures
  2 orc priests (D:3)
  2 orc wizards (D:3)
  6 orcs
  4 ball pythons
  4 endoplasms
  2 giant cockroaches
  7 goblins
  5 hobgoblins
  6 jackals
  4 kobolds
  A quokka (D:3)
  9 bats
  4 frilled lizards
  5 rats
61 creatures vanquished.

Notes
Turn   | Place    | Note
-------+----------+-------------------------------------------
     0 | D:1      | trckry the Gargoyle Gladiator began the quest for the Orb.
     0 | D:1      | Reached XP level 1. HP: 12/12 MP: 1/1
    68 | D:1      | Reached XP level 2. HP: 14/18 MP: 2/2
   550 | D:1      | Reached skill level 1 in Armour
   695 | D:1      | Reached XP level 3. HP: 22/22 MP: 3/3
   992 | D:2      | Found a faded altar of an unknown god.
  1009 | D:2      | Prayed at the altar of an unknown god.
  1009 | D:2      | Became a worshipper of Warmaster Okawaru
  1009 | D:2      | Reached * piety under Okawaru
  2115 | D:3      | Reached XP level 4. HP: 27/27 MP: 4/4
  2160 | D:3      | Reached skill level 4 in Maces & Flails
  2448 | D:2      | Reached XP level 5. HP: 20/32 MP: 5/5
  2980 | D:3      | Killed from afar by an orc priest

Illustrated notes

Levels and vault maps discovered:
D:1:      psy_arrival_fountain, layout_basic
D:2:      layout_basic, serial_forest, infiniplex_forest_lined_room_3,
          infiniplex_forest_lined_1, infiniplex_forest_lined_4_way,
          infiniplex_forest_lined_2, infiniplex_forest_lined_3,
          infiniplex_forest_clump_medium, infiniplex_forest_3_way,
          infiniplex_forest_end_3, infiniplex_forest_straight_2,
          basic_ecumenical_altar
D:3:      cheibrodos_pilgrimage, layout_basic

Skill      XL: |  1  2  3  4  5 |
---------------+----------------+-----
Armour         | 1 2 |  2.2
Fighting       | 3 |  3.3
Maces & Flails | 4 |  4.4
Dodging        | 3 |  3.0
Throwing       | |  1.7

Action                   |  1- 3 |  4- 6 || total
-------------------------+-------+-------++-------
Melee: Flail             |   155 |    41 ||   196
       Punch             |     1 |     1 ||     2
Throw: Dart              |       |    14 ||    14
Invok: Heroism           |       |     1 ||     1
 Stab: Sleeping          |     1 |       ||     1
Armor: Leather armour    |    80 |    21 ||   101
Dodge: Dodged            |   125 |    20 ||   145
